 Seeded DCSS version 0.30.0-10-gfe55d96785 (webtiles) character file.

Game seed: 6681065660123202624 (custom seed)

198 GigaChad the Firebug (level 5, -2/25 HPs)
             Began as a Vine Stalker Fire Elementalist on May 15, 2023.
             Was a Believer of Vehumet.
             Slain by a gnoll
             ... wielding a +0 halberd
              (4 damage)
             ... on level 4 of the Dungeon.
             The game lasted 00:08:42 (4404 turns).

GigaChad the Firebug (VSFE)                         Turns: 4404, Time: 00:08:43

Health: -2/25      AC:  3    Str: 11    XL:     5   Next: 77%
Magic:  0/11       EV: 13    Int: 18    God:    Vehumet [**....]
Gold:   240        SH:  0    Dex: 22    Spells: 2/10 levels left

rFire   + . .        e - +1 short sword
rCold   x . .        (no shield)
rNeg    . . .        a - +0 robe
rPois   .            (no helmet)
rElec   .            j - +0 cloak
rCorr   .            (no gloves)
SInv    .            (no boots)
Will    +....        (no amulet)
Stlth   +++          d - ring of Wead {Fire Contam Will+ Int+3}
HPRegen 1.04/turn    q - +6 ring of dexterity
MPRegen 0.12/turn

%: guardian spirit
@: no status effects
A: fangs 2, regeneration 1, magic shield, antimagic bite, no potion heal 2
a: Renounce Religion


You were on level 4 of the Dungeon.
You worshipped Vehumet.
Vehumet was pleased with you.
You visited 1 branch of the dungeon, and saw 4 of its levels.

You collected 240 gold pieces.

Inventory:

Hand Weapons
 e - a +1 short sword (weapon)
Missiles
 k - a throwing net
Armour
 a - a +0 robe (worn)
 j - a +0 cloak (worn)
Jewellery
 d - the ring of Wead (left hand) {Fire Contam Will+ Int+3}
   (You acquired it on level 1 of the Dungeon)

   [ring of fire]

   It enhances your fire magic.
   Int:       It affects your intelligence (+3).
   rF:        It protects you from fire.
   rC:        It makes you vulnerable to cold.
   Contam:    It causes magical contamination when unequipped.
   Will:      It increases your willpower.
 q - a +6 ring of dexterity (right hand)
 v - a +6 ring of strength
Wands
 n - a wand of iceblast (10)
Scrolls
 c - a scroll of magic mapping
 f - 2 scrolls of vulnerability
 g - 4 scrolls of identify
 r - a scroll of silence {unknown}
 s - a scroll of immolation {unknown}
 u - a scroll of teleportation {unknown}
 y - a scroll of brand weapon {unknown}
Potions
 b - a potion of magic
 h - 4 potions of curing {unknown}
 i - a potion of lignification {unknown}
 l - a potion of resistance {unknown}
 m - 2 potions of invisibility {unknown}
 o - a potion of might {unknown}
 p - a potion of ambrosia {unknown}
 t - a potion of haste {unknown}
 w - a potion of heal wounds {unknown}
 x - a potion of brilliance {unknown}


   Skills:
 * Level 0.8 Fighting
 + Level 0.4 Short Blades
 * Level 1.0 Armour
 + Level 2.0 Dodging
 + Level 2.6 Stealth
 * Level 3.4 Spellcasting
 - Level 1.2 Conjurations
 * Level 1.2 Hexes
 * Level 4.3 Fire Magic
 * Level 0.3 Evocations


You had 2 spell levels left.
You knew the following spells:

 Your Spells              Type           Power      Damage    Failure   Level
a - Foxfire               Conj/Fire      76%        2x1d7     4%          1
b - Scorch                Fire           56%        2d7       4%          2
c - Inner Flame           Hex/Fire       19%        N/A       16%         3
d - Slow                  Hex            28%        N/A       10%         1
e - Magic Dart            Conj           28%        1d4       10%         1

Your spell library contained the following spells:

 Spells                   Type           Power      Damage    Failure   Level
 Poisonous Vapours        Pois/Air       6%         N/A       24%         2
 Volatile Blastmotes      Fire/Tloc      32%        2d12      19%         3
 Confusing Touch          Hex            7%         N/A       28%         3
 Tukima's Dance           Hex            7%         N/A       28%         3
 Portal Projectile        Hex/Tloc       10%        N/A       36%         3
 Gell's Gravitas          Tloc           3%         N/A       43%         3
 Teleport Other           Tloc           3%         N/A       43%         3
 Vampiric Draining        Necr           3%         2d6       43%         3
 Vhi's Electric Charge    Tloc/Air       6%         N/A       43%         3
 Flame Wave               Conj/Fire      19%        2d7       45%         4
 Arcjolt                  Conj/Air       2%         1d12      98%         5
 Blade Hands              Tmut           1%         N/A       99%         5
 Dispersal                Tloc           1%         N/A       100%        6
 Plasma Beam              Fire/Air       8%         2x1d20    100%        6


Dungeon Overview and Level Annotations

Branches:
Dungeon (4/15)
 Temple: D:4-7

Altars:
Cheibriados
Fedhas
Vehumet
Wu Jian
The Shining One

Shops:
D:2 :

Annotations:
D:4 Ijyb


Innate Abilities, Weirdness & Mutations

You have extremely sharp teeth.
Your natural rate of healing is unusually fast.
When hurt, damage is shared between your health and your magic reserves.
Your bite disrupts and absorbs the magic of your enemies.
Potions cannot restore your health.


Message History

You hit Ijyb but do no damage. Your bite misses Ijyb.
Ijyb is heavily wounded.
The foxfire hits Ijyb.
Ijyb is heavily wounded.
Ijyb hits you with a +0 dagger. The gnoll barely misses you.
You are out of magic!
You barely miss Ijyb. You bite Ijyb, but do no damage.
Ijyb is heavily wounded.
Ijyb zaps a wand.
You easily resist.
The gnoll barely misses you.
You are out of magic!
You closely miss Ijyb. Your bite misses Ijyb.
Ijyb is heavily wounded.
Ijyb closely misses you.
The gnoll hits you from afar with a +0 halberd!
You feel a surge of power!
You conjure some foxfire!
Ijyb hits you with a +0 dagger. The gnoll closely misses you.
You barely miss Ijyb.
Ijyb is heavily wounded.
The foxfire hits Ijyb but does no damage.
Ijyb is heavily wounded.
Ijyb barely misses you.
The gnoll hits you from afar with a +0 halberd!
You hit Ijyb but do no damage. You bite Ijyb. You drain her power.
You feel invigorated.
Ijyb is severely wounded.
Ijyb hits you with a +0 dagger. The gnoll closely misses you.
You are too injured to fight recklessly!
You hit Ijyb but do no damage. Your bite misses Ijyb.
Ijyb is severely wounded.
The gnoll hits you from afar with a +0 halberd!
* * * LOW HITPOINT WARNING * * *
Ijyb hits you with a +0 dagger.
* * * LOW HITPOINT WARNING * * *
You are too injured to fight recklessly!
You hit Ijyb. Your bite misses Ijyb.
Ijyb is almost dead.
Ijyb hits you with a +0 dagger.
* * * LOW HITPOINT WARNING * * *
The gnoll hits you from afar with a +0 halberd!
You die...

.#
#...........###..######....
.# ####+#.##...#
##.<........# .# #.#.###'##
#####....... .# #.#.# #.#
##...... .#########.#.# #.#
#...... .............# #.#
#.>.... ...........### #.#
#...... ...........#
#.######## #......
.#########.# #@gggg...#
#.####. .# #.# ########.#
#.# . ## #.# #.# #. #.# #g#
#.. #.......# .. #.#<#####
#g### . .#


You could see Ijyb and 3 gnolls.

Vanquished Creatures
  A crimson imp (D:4)
  A jelly (D:4)
  A gnoll (D:1)
  5 adders
  2 worms (D:2)
  5 bats
  6 endoplasms
  2 giant cockroaches
  10 goblins
  3 hobgoblins
  10 jackals
  A quokka (D:1)
  10 ball pythons
  A frilled lizard (D:2)
  A goblin skeleton (D:4)
  3 hobgoblin zombies (D:4)
  5 kobolds
  A kobold skeleton (D:4)
  A kobold zombie (D:4)
  2 orc skeletons (D:4)
  An orc zombie (D:4)
  8 rats
80 creatures vanquished.

Vanquished Creatures (others)
  243 foxfires
243 creatures vanquished.

Grand Total: 323 creatures vanquished

Notes
Turn   | Place    | Note
-------+----------+-------------------------------------------
     0 | D:1      | GigaChad the Vine Stalker Fire Elementalist began the quest
                  | for the Orb.
     0 | D:1      | Reached XP level 1. HP: 9/9 MP: 4/4
   101 | D:1      | Identified a scroll of acquirement
   101 | D:1      | Acquired the ring of Wead {Fire Contam Will+ Int+3}
   273 | D:1      | Reached XP level 2. HP: 13/13 MP: 4/6
   828 | D:1      | Reached XP level 3. HP: 12/16 MP: 1/7
   958 | D:1      | Learned a level 2 spell: Scorch
   962 | D:1      | Learned a level 3 spell: Inner Flame
   964 | D:1      | Learned a level 1 spell: Slow
  1366 | D:1      | Found a faded altar of an unknown god.
  1427 | D:1      | Prayed at the altar of an unknown god.
  1427 | D:1      | Became a worshipper of Vehumet
  1427 | D:1      | Reached * piety under Vehumet
  1427 | D:1      | Offered knowledge of Magic Dart by Vehumet.
  1877 | D:2      | Gained mutation: Your natural rate of healing is unusually
                  | fast. [Vine Stalker growth]
  1877 | D:2      | Reached XP level 4. HP: 21/21 MP: 9/9
  2421 | D:2      | Found Loecvam's Book Shoppe.
  2512 | D:2      | Identified the +0 robe "Byrimat" {rC+ rCorr Stlth+}
  2953 | D:3      | Reached skill level 4 in Fire Magic
  3143 | D:3      | Found a blossoming altar of Fedhas.
  3152 | D:3      | Found a snail-covered altar of Cheibriados.
  3238 | D:3      | Reached XP level 5. HP: 21/25 MP: 10/10
  3699 | D:3      | Learned a level 1 spell: Magic Dart
  3780 | D:4      | Found a glowing golden altar of the Shining One.
  3826 | D:4      | Reached ** piety under Vehumet
  3827 | D:4      | Reached skill level 1 in Hexes
  4014 | D:4      | Offered knowledge of Poisonous Vapours by Vehumet.
  4069 | D:4      | Reached skill level 1 in Armour
  4152 | D:4      | Found an ornate altar of the Wu Jian Council.
  4373 | D:4      | Noticed Ijyb
  4404 | D:4      | Slain by a gnoll

Illustrated notes

Levels and vault maps discovered:
D:1:      sevenhm_arrival_forest_fort_large_2, layout_basic,
          nicolae_ecumenical_lake_church, minmay_tetromino_i4
D:2:      layout_basic, serial_shops, shop, chequers_arboretum
D:3:      layout_loops_ring, mainiacjoe_overflow_catwalk,
          mainiacjoe_overflow_alcove_1, hex_large
D:4:      layout_basic, amcnicky_altar_gilded, nicolae_tso_besieged_by_evil,
          uniq_ijyb

Skill      XL: |  1  2  3  4  5 |
---------------+----------------+-----
Dodging        | 2 |  2.0
Spellcasting   | 3 |  3.4
Fire Magic     | 4 |  4.3
Hexes          | 1 |  1.2
Armour         | 1 |  1.0
Fighting       | |  0.8
Short Blades   | |  0.4
Stealth        | |  2.6
Conjurations   | |  1.2
Evocations     | |  0.3

Action                     |  1- 3 |  4- 6 || total
---------------------------+-------+-------++-------
  Melee: Short sword       |    50 |    49 ||    99
         Bite              |    13 |     9 ||    22
         Punch             |     1 |       ||     1
   Cast: Foxfire           |    65 |   128 ||   193
    Use: Scroll            |     1 |     5 ||     6
 Armour: Robe              |    17 |    17 ||    34
  Dodge: Dodged            |    54 |    52 ||   106
